General information
- name: BNet
- type: Ladder team game (AT/RT)
- host: Battle.net
- saver: WarDawgs
map: MarketSquare
- players: 8
- length: 61:40
- speed: Fast
- version: 1.26 W3XP
- replay type: Public
» download(287 KB)
Players
team 1 (loser)
la21 (
yellow | 68 APM | 1532 actions | 22:35)
4 Goblin Tinker
2 Pocket Factory
2 Engineering Upgrade
3 Dark Ranger
1 Black Arrow
2 Life Drain
3 Pandaren Brewmaster
2 Drunken Brawler
1 Drunken Haze
» actions
| Assign group hotkey | 22 | |
| Basic commands | 30 | |
| Build / train | 100 | |
| Enter build submenu | 20 | |
| Enter hero's abilities submenu | 10 | |
| Give item / drop item | 2 | |
| Remove unit from queue | 1 | |
| Right click | 268 | |
| Select / deselect | 245 | |
| Select group hotkey | 781 | |
| Use ability | 53 | |
1532 total
» units
| Wisp | 32 | |
| Hippogryph | 39 | |
| Chimaera | 4 | |
75 total
» upgrades
| Strength of the Wild | 1 | |
| Reinforced Hides | 2 | |
| Corrosive Breath | 1 | |
4 total
» buildings
| Moon Well | 8 | |
| Altar of Elders | 1 | |
| Hunter's Hall | 1 | |
| Ancient of Wonders | 1 | |
| Ancient Protector | 3 | |
| Tree of Ages | 1 | |
| Tree of Eternity | 1 | |
| Ancient of Wind | 2 | |
| Chimaera Roost | 2 | |
| Tree of Life | 1 | |
21 total
» build order
00:25 Moon Well
01:03 Altar of Elders
01:14 Hunter's Hall
01:32 Moon Well
01:51 Ancient of Wonders
02:16 Moon Well
02:49 Ancient Protector
02:56 Ancient Protector
03:13 Ancient Protector
04:02 Tree of Ages
04:11 Moon Well
04:29 Moon Well
06:45 Tree of Eternity
06:58 Ancient of Wind
08:28 Ancient of Wind
08:35 Moon Well
09:18 Chimaera Roost
09:20 Chimaera Roost
09:38 Moon Well
12:57 Moon Well
14:47 Tree of Life
» items
| Scroll of Town Portal | 4 | |
| Orb of Venom | 1 | |
5 total

»
randomuser (
purple | 23 APM | 494 actions | 21:54)
3 Blademaster
2 Wind Walk
1 Critical Strike
1 Shadow Hunter
1 Healing Wave
» actions
| Basic commands | 14 | |
| Build / train | 37 | |
| Enter build submenu | 21 | |
| Enter hero's abilities submenu | 4 | |
| Remove unit from queue | 5 | |
| Right click | 230 | |
| Select / deselect | 136 | |
| Use ability | 47 | |
494 total
» units
| Peon | 14 | |
| Grunt | 6 | |
| Forest Troll High Priest | 1 | |
21 total
» buildings
| Altar of Storms | 2 | |
| Barracks | 1 | |
| Orc Burrow | 6 | |
| War Mill | 1 | |
| Great Hall | 2 | |
| Watch Tower | 4 | |
| Voodoo Lounge | 1 | |
| Stronghold | 1 | |
| Beastiary | 2 | |
| Fortress | 1 | |
21 total
» build order
00:12 Altar of Storms
00:17 Barracks
00:25 Orc Burrow
01:39 War Mill
04:32 Orc Burrow
07:55 Great Hall
08:01 Watch Tower
08:04 Watch Tower
08:08 Watch Tower
08:26 Voodoo Lounge
08:30 Stronghold
10:10 Orc Burrow
13:07 Beastiary
13:14 Beastiary
15:55 Orc Burrow
16:29 Orc Burrow
16:32 Fortress
18:27 Altar of Storms
18:35 Great Hall
19:43 Orc Burrow
20:43 Watch Tower
» items
| Healing Salve | 2 | |
| Scroll of Town Portal | 1 | |
3 total
FUC.K.u.UP (
blue | 69 APM | 4232 actions | 61:39)
9 Archmage
3 Summon Water Elemental
3 Brilliance Aura
2 Blizzard
1 Mass Teleport
» actions
| Assign group hotkey | 105 | |
| Basic commands | 163 | |
| Build / train | 261 | |
| ESC pressed | 18 | |
| Enter build submenu | 83 | |
| Enter hero's abilities submenu | 11 | |
| Give item / drop item | 10 | |
| Remove unit from queue | 9 | |
| Right click | 1420 | |
| Select / deselect | 622 | |
| Select group hotkey | 1118 | |
| Use ability | 412 | |
4232 total
» units
| Peasant | 34 | |
| Footman | 5 | |
| Sorceress | 1 | |
| Dragonhawk Rider | 3 | |
| Hippogryph | 3 | |
| Siege Engine | 5 | |
| Gryphon Rider | 7 | |
58 total
» upgrades
| Masonry | 3 | |
| Sorceress Training | 2 | |
| Lumber Harvesting | 2 | |
| Cloud | 1 | |
| Storm Hammers | 1 | |
| Swords | 3 | |
| Armor | 4 | |
| Plating | 3 | |
| Gunpowder | 3 | |
| Well Spring | 1 | |
| Barrage | 1 | |
| Animal War Training | 1 | |
| Spiked Barricades | 1 | |
| Ranged Weapons | 1 | |
| Melee Weapons | 1 | |
| Priest Training | 1 | |
| Magic Sentry | 1 | |
| Control Magic | 1 | |
| Defend | 0 | |
| Long Rifles | 0 | |
| Flak Cannons | 0 | |
31 total
» buildings
| Altar of Kings | 1 | |
| Barracks | 1 | |
| Farm | 11 | |
| Arcane Vault | 1 | |
| Lumber Mill | 1 | |
| Town Hall | 5 | |
| Scout Tower | 54 | |
| Guard Tower | 74 | |
| Keep | 3 | |
| Arcane Sanctum | 1 | |
| Castle | 2 | |
| Gryphon Aviary | 3 | |
| Blacksmith | 2 | |
| Workshop | 3 | |
| Ancient Protector | 2 | |
164 total
» build order
00:41 Altar of Kings
00:43 Barracks
00:54 Farm
01:07 Farm
01:37 Farm
01:56 Farm
02:42 Arcane Vault
02:47 Farm
03:09 Lumber Mill
03:57 Town Hall
04:56 Scout Tower
05:33 Scout Tower
05:34 Guard Tower
05:34 Guard Tower
05:34 Guard Tower
05:47 Scout Tower
05:48 Scout Tower
05:49 Scout Tower
06:10 Guard Tower
06:10 Guard Tower
06:10 Guard Tower
06:12 Scout Tower
06:36 Keep
06:37 Keep
06:37 Keep
06:39 Guard Tower
06:40 Guard Tower
07:02 Guard Tower
07:03 Guard Tower
07:04 Scout Tower
07:06 Scout Tower
07:07 Scout Tower
07:46 Guard Tower
07:46 Guard Tower
08:09 Guard Tower
08:26 Guard Tower
08:26 Guard Tower
08:45 Town Hall
08:56 Scout Tower
09:00 Scout Tower
09:01 Scout Tower
09:06 Arcane Sanctum
09:18 Castle
09:18 Castle
09:31 Guard Tower
09:31 Guard Tower
10:20 Scout Tower
10:22 Scout Tower
10:23 Scout Tower
10:24 Scout Tower
11:32 Guard Tower
11:32 Guard Tower
11:48 Guard Tower
11:48 Guard Tower
11:54 Scout Tower
11:55 Scout Tower
11:57 Scout Tower
11:57 Scout Tower
12:00 Scout Tower
12:01 Scout Tower
12:27 Guard Tower
12:27 Guard Tower
12:35 Guard Tower
12:35 Guard Tower
12:35 Guard Tower
12:41 Guard Tower
12:46 Guard Tower
12:47 Guard Tower
12:47 Guard Tower
12:49 Guard Tower
12:49 Guard Tower
12:49 Guard Tower
12:55 Gryphon Aviary
12:57 Gryphon Aviary
12:59 Gryphon Aviary
13:33 Guard Tower
13:33 Guard Tower
13:34 Guard Tower
14:30 Scout Tower
14:30 Scout Tower
14:31 Scout Tower
14:32 Scout Tower
14:33 Scout Tower
14:41 Scout Tower
14:42 Scout Tower
14:43 Scout Tower
14:44 Scout Tower
15:08 Guard Tower
15:08 Guard Tower
15:10 Guard Tower
15:10 Guard Tower
15:11 Guard Tower
16:29 Blacksmith
16:41 Blacksmith
16:42 Scout Tower
18:00 Guard Tower
18:30 Scout Tower
18:47 Scout Tower
18:48 Scout Tower
18:51 Scout Tower
18:53 Scout Tower
18:55 Scout Tower
18:56 Scout Tower
18:57 Scout Tower
19:21 Guard Tower
19:22 Guard Tower
19:23 Guard Tower
19:23 Guard Tower
19:56 Guard Tower
19:56 Guard Tower
22:14 Farm
22:14 Farm
22:40 Scout Tower
22:44 Scout Tower
23:20 Workshop
23:21 Workshop
23:23 Workshop
24:29 Guard Tower
24:29 Guard Tower
24:30 Guard Tower
25:34 Ancient Protector
25:35 Ancient Protector
27:09 Scout Tower
27:10 Scout Tower
27:12 Scout Tower
27:15 Scout Tower
27:37 Guard Tower
27:37 Guard Tower
27:48 Guard Tower
37:41 Town Hall
39:22 Scout Tower
39:24 Scout Tower
39:25 Scout Tower
39:28 Scout Tower
39:29 Scout Tower
39:32 Scout Tower
39:33 Scout Tower
42:07 Farm
42:09 Farm
42:11 Farm
42:12 Farm
42:24 Guard Tower
42:24 Guard Tower
42:41 Scout Tower
44:38 Guard Tower
44:42 Town Hall
49:34 Town Hall
» items
| Scroll of Regeneration | 15 | |
| Mechanical Critter | 6 | |
| Periapt of Vitality | 1 | |
| Staff of Teleportation | 1 | |
| Ivory Tower | 3 | |
| Tome of Retraining | 1 | |
| Potion of Invisibility | 3 | |
| Potion of Healing | 5 | |
| Scroll of Town Portal | 5 | |
| Lesser Clarity Potion | 3 | |
| Potion of Lesser Invulnerability | 2 | |
| Potion of Mana | 2 | |
47 total
team 2 (winner)
best-noob-ever (
green | 79 APM | 3683 actions | 46:50)
9 Death Knight
3 Death Coil
3 Unholy Aura
1 Animate Dead
2 Death Pact
» actions
| Basic commands | 26 | |
| Build / train | 86 | |
| Enter build submenu | 47 | |
| Enter hero's abilities submenu | 9 | |
| Right click | 2917 | |
| Select / deselect | 491 | |
| Use ability | 107 | |
3683 total
» units
| Acolyte | 31 | |
| Ghoul | 6 | |
| Crypt Fiend | 21 | |
| Frost Wyrm | 2 | |
60 total
» upgrades
| Creature Attack | 3 | |
| Creature Carapace | 3 | |
| Web | 1 | |
| Freezing Breath | 1 | |
8 total
» buildings
| Crypt | 4 | |
| Graveyard | 3 | |
| Ziggurat | 24 | |
| Altar of Darkness | 1 | |
| Nerubian Tower | 1 | |
| Spirit Tower | 3 | |
| Halls of the Dead | 1 | |
| Tomb of Relics | 1 | |
| Black Citadel | 1 | |
| Sacrificial Pit | 1 | |
| Boneyard | 3 | |
| Necropolis | 3 | |
46 total
» build order
00:12 Crypt
00:18 Graveyard
00:39 Ziggurat
00:58 Ziggurat
01:28 Altar of Darkness
02:45 Ziggurat
05:29 Ziggurat
07:01 Nerubian Tower
07:18 Ziggurat
07:20 Ziggurat
07:22 Ziggurat
07:24 Ziggurat
08:16 Spirit Tower
09:20 Halls of the Dead
09:39 Tomb of Relics
11:44 Black Citadel
11:52 Sacrificial Pit
11:56 Ziggurat
14:11 Boneyard
14:13 Boneyard
14:16 Boneyard
16:55 Spirit Tower
18:07 Ziggurat
18:09 Ziggurat
18:11 Ziggurat
18:12 Ziggurat
18:24 Necropolis
19:59 Spirit Tower
23:15 Ziggurat
23:17 Ziggurat
30:11 Necropolis
36:34 Necropolis
36:39 Crypt
36:42 Graveyard
36:45 Ziggurat
36:47 Ziggurat
36:49 Ziggurat
36:50 Ziggurat
37:39 Ziggurat
37:40 Ziggurat
37:42 Ziggurat
37:44 Crypt
37:47 Graveyard
37:51 Crypt
41:36 Ziggurat
41:37 Ziggurat
» items
| Scroll of Town Portal | 1 | |
| Orb of Corruption | 1 | |
2 total
0richard0 (
orange | 15 APM | 925 actions | 61:39)
6 Keeper of the Grove
2 Force of Nature
3 Entangling Roots
1 Tranquility
» actions
| Basic commands | 90 | |
| Build / train | 103 | |
| ESC pressed | 5 | |
| Enter build submenu | 23 | |
| Enter hero's abilities submenu | 6 | |
| Remove unit from queue | 1 | |
| Right click | 352 | |
| Select / deselect | 297 | |
| Use ability | 48 | |
925 total
» units
| Wisp | 16 | |
| Archer | 26 | |
| Huntress | 22 | |
| Hippogryph | 16 | |
80 total
» upgrades
| Strength of the Moon | 3 | |
| Moon Armor | 3 | |
| Hippogryph Taming | 1 | |
| Ultravision | 1 | |
| Well Spring | 1 | |
| Improved Bows | 1 | |
| Marksmanship | 1 | |
| Upgrade Moon Glaive | 1 | |
12 total
» buildings
| Moon Well | 10 | |
| Altar of Elders | 1 | |
| Ancient of War | 1 | |
| Hunter's Hall | 1 | |
| Tree of Ages | 1 | |
| Ancient of Wind | 1 | |
| Tree of Eternity | 1 | |
| Tree of Life | 3 | |
19 total
» build order
00:26 Moon Well
00:37 Altar of Elders
01:22 Ancient of War
02:06 Moon Well
02:19 Hunter's Hall
02:31 Moon Well
03:09 Tree of Ages
04:33 Moon Well
05:36 Ancient of Wind
06:21 Moon Well
07:19 Moon Well
08:22 Moon Well
09:06 Moon Well
10:27 Moon Well
11:02 Tree of Eternity
11:12 Moon Well
13:19 Tree of Life
23:55 Tree of Life
31:26 Tree of Life
» items
WarDawgs (
pink | 30 APM | 1878 actions | 61:40)
6 Archmage
3 Summon Water Elemental
2 Brilliance Aura
1 Mass Teleport
» actions
| Assign group hotkey | 80 | |
| Basic commands | 243 | |
| Build / train | 71 | |
| Enter build submenu | 49 | |
| Enter hero's abilities submenu | 6 | |
| Give item / drop item | 9 | |
| Right click | 692 | |
| Select / deselect | 378 | |
| Select group hotkey | 221 | |
| Use ability | 128 | |
1878 total
» units
| Peasant | 21 | |
| Footman | 4 | |
| Gryphon Rider | 7 | |
32 total
» upgrades
| Lumber Harvesting | 2 | |
| Masonry | 3 | |
| Swords | 3 | |
| Armor | 4 | |
| Storm Hammers | 1 | |
| Animal War Training | 1 | |
| Cloud | 1 | |
15 total
» buildings
| Altar of Kings | 1 | |
| Barracks | 1 | |
| Farm | 11 | |
| Arcane Vault | 2 | |
| Keep | 1 | |
| Lumber Mill | 1 | |
| Town Hall | 6 | |
| Scout Tower | 22 | |
| Castle | 1 | |
| Guard Tower | 9 | |
| Arcane Tower | 1 | |
| Gryphon Aviary | 4 | |
| Blacksmith | 2 | |
62 total
» build order
00:50 Altar of Kings
00:52 Barracks
00:54 Farm
00:57 Farm
01:06 Farm
01:36 Farm
02:55 Arcane Vault
03:00 Arcane Vault
03:23 Keep
03:32 Lumber Mill
05:04 Town Hall
05:08 Scout Tower
05:09 Scout Tower
05:10 Scout Tower
05:10 Scout Tower
05:15 Scout Tower
06:01 Castle
06:29 Guard Tower
07:17 Arcane Tower
07:45 Scout Tower
07:46 Scout Tower
07:48 Scout Tower
07:49 Scout Tower
07:50 Scout Tower
08:29 Guard Tower
10:19 Farm
11:29 Gryphon Aviary
11:30 Gryphon Aviary
11:31 Gryphon Aviary
11:32 Gryphon Aviary
11:36 Blacksmith
11:37 Blacksmith
11:46 Town Hall
12:20 Town Hall
12:24 Scout Tower
12:25 Scout Tower
12:25 Scout Tower
12:26 Scout Tower
12:31 Scout Tower
12:51 Guard Tower
12:53 Guard Tower
12:53 Guard Tower
12:54 Guard Tower
12:54 Guard Tower
12:59 Guard Tower
16:38 Scout Tower
16:39 Scout Tower
16:40 Scout Tower
16:41 Scout Tower
16:44 Scout Tower
16:44 Scout Tower
16:45 Scout Tower
19:40 Guard Tower
24:29 Farm
24:30 Farm
24:31 Farm
24:31 Farm
24:39 Farm
24:41 Farm
32:25 Town Hall
32:48 Town Hall
39:35 Town Hall
» items
| Scroll of Regeneration | 2 | |
| Scroll of Town Portal | 1 | |
| Periapt of Vitality | 1 | |
| Staff of Teleportation | 1 | |
5 total
THUG-RSHERMAN (
teal | 49 APM | 3007 actions | 61:16)
8 Goblin Alchemist
3 Chemical Rage
3 Healing Spray
1 Transmute
1 Acid Bomb
» actions
| Assign group hotkey | 89 | |
| Basic commands | 97 | |
| Build / train | 80 | |
| Enter build submenu | 22 | |
| Enter hero's abilities submenu | 8 | |
| Give item / drop item | 6 | |
| Remove unit from queue | 3 | |
| Right click | 1602 | |
| Select / deselect | 365 | |
| Select group hotkey | 604 | |
| Use ability | 131 | |
3007 total
» units
| Peon | 17 | |
| Grunt | 4 | |
| Troll Batrider | 10 | |
| Wind Rider | 7 | |
| Demolisher | 4 | |
42 total
» upgrades
| Reinforced Defenses | 1 | |
| Ranged Weapons | 3 | |
| Armor | 3 | |
| Envenomed Spears | 1 | |
| Liquid Fire | 1 | |
| Burning Oil | 1 | |
10 total
» buildings
| Altar of Storms | 1 | |
| Orc Burrow | 6 | |
| Barracks | 1 | |
| Voodoo Lounge | 1 | |
| Stronghold | 2 | |
| War Mill | 1 | |
| Great Hall | 2 | |
| Watch Tower | 7 | |
| Beastiary | 3 | |
| Fortress | 1 | |
25 total
» build order
00:13 Altar of Storms
00:23 Orc Burrow
00:37 Barracks
01:23 Orc Burrow
01:59 Voodoo Lounge
02:58 Stronghold
02:59 Stronghold
03:47 Orc Burrow
04:10 War Mill
04:14 Orc Burrow
05:28 Great Hall
05:58 Watch Tower
06:49 Beastiary
07:02 Watch Tower
07:03 Watch Tower
07:22 Fortress
08:09 Watch Tower
08:25 Beastiary
09:09 Watch Tower
09:10 Watch Tower
09:16 Watch Tower
11:44 Orc Burrow
13:33 Beastiary
16:10 Orc Burrow
19:47 Great Hall
» items
| Healing Salve | 2 | |
| Staff of Teleportation | 1 | |
| Boots of Speed | 2 | |
| Potion of Lesser Invulnerability | 2 | |
| Potion of Healing | 2 | |
| Potion of Invisibility | 1 | |
| Orb of Corruption | 1 | |
11 total
Chat log
(00:08 / All) WarDawgs: what was everyones dinner today
(00:31 / All) WarDawgs: beef jerky, cottage cheese, and sauerkruat for me
(01:00 / Allies) 0richard0: :--0
(01:02 / All) THUG-RSHERMAN: aw crap we got an afker
(01:11 / Allies) THUG-RSHERMAN: jixing
(01:12 / Allies) THUG-RSHERMAN: them
(01:21 / All) FUC.K.u.UP: sucks for your scrub team
(01:43 / All) 0richard0: :--((
(01:51 / All) 0richard0: :--0
(02:09 / Allies) WarDawgs: teal u receive the message?
(06:24 / Allies) 0richard0: ???????????????????
(06:36 / Allies) THUG-RSHERMAN: dem creeps
(07:07 / Allies) 0richard0: fast
(11:41 / Allies) WarDawgs: lumber?
(12:05 / Allies) WarDawgs: lumber
(13:58 / Allies) WarDawgs: lumber me green
(14:34 / Allies) WarDawgs: lumber hoarding faggot
(17:08 / All) WarDawgs: cottage cheese is yummy
(17:23 / All) FUC.K.u.UP: green maphacker?
(17:29 / All) FUC.K.u.UP: moves acolytes but I'm not even visible there
(17:37 / All) FUC.K.u.UP: or just a retard noob
(17:38 / All) WarDawgs: probably then
(17:46 / All) FUC.K.u.UP: 2 pendants on a DK
(17:47 / All) FUC.K.u.UP: lmfao
(18:39 / Allies) 0richard0: gold plz
(19:17 / All) THUG-RSHERMAN: u are a great player yellow
(19:38 / All) FUC.K.u.UP: why the fuck isn't he mining
(21:01 / All) FUC.K.u.UP: why the fuck are you not mining green
(21:03 / All) FUC.K.u.UP: like wtf
(21:07 / All) FUC.K.u.UP: high upkeep?
(21:10 / All) FUC.K.u.UP: but you were like that for a while
(21:40 / All) FUC.K.u.UP: yep just a noob
(21:51 / All) WarDawgs: but the best noob ever
(22:28 / All) FUC.K.u.UP: he is a retarded noob
(25:22 / All) FUC.K.u.UP: why the fuck is green not mining and on auto repair doing jack shit instead
(25:23 / All) FUC.K.u.UP: someone tell me
(25:26 / Allies) best-noob-ever: ?
(25:29 / Allies) best-noob-ever: stop
(25:33 / Allies) WarDawgs: k
(25:55 / All) WarDawgs: 15 armor I had 17
(26:50 / All) FUC.K.u.UP: fucking idiot noob
(26:52 / Allies) best-noob-ever: wtf teal?
(26:59 / Allies) THUG-RSHERMAN: lol oops
(27:26 / Allies) WarDawgs: wasn't me
(27:31 / All) FUC.K.u.UP: LEVEL 6!
(27:34 / All) FUC.K.u.UP: THANKS, IDIOT!
(29:47 / Allies) WarDawgs: oops
(29:54 / Allies) THUG-RSHERMAN: wtf green
(29:59 / Allies) THUG-RSHERMAN: watch our for purps bm
(30:59 / All) FUC.K.u.UP: lol
(31:40 / Allies) THUG-RSHERMAN: green jesus christ quit messing around
(32:21 / All) FUC.K.u.UP: orange and green suck big time
(33:10 / Allies) THUG-RSHERMAN: sorry rich
(33:43 / Allies) 0richard0: stop this i ave no gold
(33:50 / Allies) THUG-RSHERMAN: ok sorry
(33:53 / Allies) THUG-RSHERMAN: u can have it
(33:58 / All) FUC.K.u.UP: god you guys fucking suck ass
(34:22 / All) THUG-RSHERMAN: richard tk
(34:27 / All) WarDawgs: HELP
(34:28 / All) WarDawgs: HELP
(34:28 / All) WarDawgs: HELP
(34:39 / All) FUC.K.u.UP: don't worry I'm clearing his base
(34:44 / All) FUC.K.u.UP: so u can still win
(34:46 / All) FUC.K.u.UP: tker is down
(34:49 / Allies) 0richard0: fuck men you take mi mine
(34:54 / All) THUG-RSHERMAN: it wasnt urs
(34:56 / Allies) 0richard0: I AVE NO GOLD
(35:04 / Allies) THUG-RSHERMAN: u take my demolishers
(35:05 / Allies) 0richard0: YOU ARE ASS HOLE
(35:08 / Allies) WarDawgs: You tk
(35:11 / Allies) THUG-RSHERMAN: u are not pink
(35:14 / Allies) THUG-RSHERMAN: pink did nothing wrong
(35:26 / All) WarDawgs: orange started attacking me for no reason
(35:27 / Allies) THUG-RSHERMAN: pink had mine first
(35:45 / Allies) 0richard0: YOU AVE 4 MIN I AVE NO MINE ASS HOLE
(35:58 / All) WarDawgs: If we do not stand together, then we shall surely hang separately!
(36:10 / Allies) WarDawgs: So what man I worked for those mines
(36:20 / All) FUC.K.u.UP: wow green sucks
(36:21 / Allies) WarDawgs: I got them through my own accomplishment and hard work
(36:28 / All) FUC.K.u.UP: his attack just stopped by 1 hero lmao
(36:36 / Allies) 0richard0: FUCK YOU SUN OF A BITCH
(36:42 / Allies) WarDawgs: You're not a team player
(36:48 / Allies) THUG-RSHERMAN: richard wtf
(36:57 / All) WarDawgs: Richard isn't a team player
(37:09 / Allies) 0richard0: NO YOU ARE NOT TEAM PLAYER YOU AVE STOL ME MI MINE
(37:22 / Allies) WarDawgs: No I didn't, now you're spreading vicious rumors about me
(37:28 / Allies) WarDawgs: YOu know that you attacked mme first, unprovoked
(38:04 / Allies) 0richard0: NO YOU AVE ATTAQUE MI MINE WITH DEMOLISHEUR BECAUSE I AVE THE MINE 1ST WITH MI TREE
(38:15 / Allies) WarDawgs: I never did that, I am a human player
(38:20 / Allies) WarDawgs: I don't have catapults
(38:24 / Allies) 0richard0: YES YES
(38:43 / Allies) WarDawgs: You're spreading lies about me and I don't appreciate it
(38:44 / Allies) 0richard0: FUCK YOU BITCH YOU DONT NO PLAY WAR3
(38:58 / Allies) 0richard0: HEAT MY BALLS
(39:07 / Allies) WarDawgs: What does that even mean
(39:42 / Allies) WarDawgs: there was a perfectly good mine right here
(39:49 / Allies) WarDawgs: but you had to be a poor sport and attack me
(39:52 / Allies) WarDawgs: you're just not a team player
(39:56 / Allies) WarDawgs: consider solo
(41:00 / Allies) 0richard0: mi englis is bad so tes un criss de mauvais joueur javait une mine avent toi tu tes arrenger avecthug pour avoir la mine tu est
(41:20 / Allies) WarDawgs: I don't speak the language of retreat
(41:25 / Allies) WarDawgs: You'll have to try again in English
(41:38 / Allies) 0richard0: venu te constrire un village a coter de moi apres thuug ma attaquer pour te laisser la mine fuls de putte
(41:39 / All) WarDawgs: French are all yellow belly cowards and traitors
(41:43 / All) THUG-RSHERMAN: from?
(41:44 / All) WarDawgs: they don't make for a good team player
(41:46 / All) THUG-RSHERMAN: spain?
(42:30 / Allies) 0richard0: go learn french or is to inteligent for you
(42:42 / Allies) WarDawgs: It makes little sense to try to communicate with someone
(42:45 / Allies) WarDawgs: in a language they do not understand
(43:05 / Allies) WarDawgs: If I started speaking Russian Latin or Arabic and you couldn't understand that wouldn't make you stupid
(43:05 / Allies) 0richard0: is simpel
(43:14 / Allies) 0richard0: you are cuck suckeur
(43:14 / Allies) WarDawgs: just not a polygot
(43:20 / Allies) WarDawgs: Well you're french so you should know
(43:43 / All) FUC.K.u.UP: oh he's 3/3
(43:51 / All) FUC.K.u.UP: why the fuck did you let him get so much gold and upgrades
(43:55 / All) WarDawgs: french men are the biggest pussies on this planet my WWII vet grandaddy always said
(44:25 / All) FUC.K.u.UP: I thought that was trickier to deal with than it should be
(44:33 / All) FUC.K.u.UP: he was 3/3 and I wasn't
(44:47 / Allies) 0richard0: lets go finish this game
(45:09 / All) WarDawgs: Orange is a jerk
(45:13 / All) THUG-RSHERMAN: staff i mean
(45:20 / All) WarDawgs: I really can't believe how rude he is
(45:28 / All) best-noob-ever: ok pink have fun win
(45:46 / All) best-noob-ever: we win
(45:56 / All) WarDawgs: think so?
(46:00 / All) WarDawgs: orange is not a team player
(47:26 / Allies) WarDawgs: That's paypack
(47:45 / Allies) 0richard0: i dont care i dont leave for you
(47:53 / All) FUC.K.u.UP: I have 14 hippos but no chance to use them all game
(47:54 / Allies) WarDawgs: Oh yeah you want some more then?
(48:12 / Allies) WarDawgs: Take that you french jerk!
(48:21 / Allies) WarDawgs: All french are scumbags!
(48:24 / Allies) 0richard0: lol you are a kids go back play with your popo
(48:26 / Allies) WarDawgs: Snooty no-goods!
(48:55 / Allies) 0richard0: i dont fuck my stat for you ass hole
(49:07 / All) FUC.K.u.UP: Green had awesome items
(49:08 / Allies) WarDawgs: Whatever that means
(49:11 / All) FUC.K.u.UP: but wasted on 1 dk and a complete noob
(49:14 / Allies) WarDawgs: Stupid frog
(49:21 / All) FUC.K.u.UP: If he had gotten a lich too and was actually good those items would be killer
(50:13 / All) 0richard0: lest go men kill this sun of a bitch
(50:20 / All) FUC.K.u.UP: I can't wait to see your side of chat
(50:26 / All) FUC.K.u.UP: mine fucking sucked, game is dragging on for me
(50:27 / Allies) WarDawgs: Blue never once attacked me
(50:30 / Allies) WarDawgs: I like him better than you
(50:33 / Allies) WarDawgs: I think he should get the win
(50:48 / All) FUC.K.u.UP: Is orange even French or is he from Quebec and economy package French?
(51:06 / All) WarDawgs: Blue you get the win because you're not jerk like ol' Mr. Frog Eater here
(51:11 / All) 0richard0: oui e comprend le francais pourquoi
(51:33 / All) 0richard0: scare head
(51:39 / All) WarDawgs: That's rich
(51:43 / All) WarDawgs: All french are cowards
(51:45 / All) WarDawgs: and traitors
(51:53 / All) WarDawgs: scared of their own shadows
(52:01 / All) 0richard0: so the frog ave kick your fucking ass in the real life
(52:04 / All) FUC.K.u.UP: on t'a bercé trop près du mur?
(52:06 / All) WarDawgs: When they see their reflection in the mirror they tuck tail and run the opposite way
(52:09 / All) WarDawgs: waving the white flag!
(52:20 / All) FUC.K.u.UP: tu es completement débile
(52:23 / All) WarDawgs: I would slap you around silly like you weak little frog eater
(52:33 / All) WarDawgs: Frog is weak for the diet
(52:38 / All) FUC.K.u.UP: ferme la bouche
(52:43 / All) WarDawgs: Gives you weak podling muscles
(52:57 / All) WarDawgs: Orange wants to eat that
(53:05 / All) 0richard0: cest ferme ta gueul qui faut ecrire
(53:09 / All) WarDawgs: he sees that frog aand he likes DINNER
(53:18 / All) FUC.K.u.UP: richard vous avez le corps d'un chien et le QI d'une durée de cinq ans
(53:48 / All) FUC.K.u.UP: vous sentez comme le boeuf et le fromage
(54:01 / All) FUC.K.u.UP: vous êtes stupide
(54:05 / All) 0richard0: ou ta trouver ca lol
(54:18 / All) FUC.K.u.UP: tu es un putain
(54:33 / All) 0richard0: vas aprendre a ecrire
(54:42 / All) FUC.K.u.UP: t'as une tête a faire sauter les plaques d'egouts
(54:45 / All) THUG-RSHERMAN: bendejo
(54:56 / All) THUG-RSHERMAN: from? napoleon
(55:14 / All) WarDawgs: Start speaking hte tongue of the brave and free
(55:17 / All) WarDawgs: Or get lost!
(55:21 / All) 0richard0: tu doit estre un gros lard deriere un ecran qui te fait passer pour un beau gars en metan des photo de maneuin sur FB
(55:30 / All) WarDawgs: USA USA USA
(55:34 / All) WarDawgs: USA USA USA
(55:42 / All) THUG-RSHERMAN: OBAMA #1
(55:47 / All) 0richard0: vive les jiade fuck USE
(55:59 / All) WarDawgs: OBAMA #1 CHIMP PRESIDENT
(56:01 / All) 0richard0: is good wall street center
(56:12 / All) FUC.K.u.UP: tu es betes comme tes pieds
(56:15 / All) 0richard0: you nead this appen again
(56:43 / All) FUC.K.u.UP: vous avez le cervau d'un sandwich au fromage, richard
(56:57 / All) FUC.K.u.UP: tu es con
(57:53 / All) 0richard0: tes un conard dameloc jte souhait davoir des terroriste chez toi
(58:11 / All) 0richard0: cest tout ce que vous meriter les USE
(58:13 / All) FUC.K.u.UP: vous êtes stupide
(58:21 / All) THUG-RSHERMAN: french sounds like spanish
(58:33 / All) 0richard0: tu repette les meme chose est cest moi qui est stupide
(58:49 / All) FUC.K.u.UP: zut
(58:59 / All) FUC.K.u.UP: brule en enfer
(59:37 / Allies) WarDawgs: Richard let this be a lesson to you
(59:50 / All) 0richard0: je prefere ca que destre avec des americain
(59:55 / Allies) WarDawgs: Richard?
(59:58 / Allies) WarDawgs: This is a lesson
(60:02 / Allies) WarDawgs: Don't disrespect your betters
(60:13 / All) 0richard0: no you are ass holle this is a lesson
(60:13 / Allies) WarDawgs: And you won't snatch defeat in the jaws of victory
(60:20 / All) FUC.K.u.UP: I'm not even American
(60:23 / Allies) WarDawgs: You earned this loss
(60:27 / Allies) WarDawgs: By disrespecting me, your better
(60:39 / Allies) WarDawgs: You shouldn't have done that, now you lose
(60:48 / Allies) WarDawgs: Because of your delusional hubris
(60:55 / All) 0richard0: and you to
(61:02 / Allies) WarDawgs: Didn't you learn from the Bible and the tower of Babel?
(61:11 / All) FUC.K.u.UP: vous etes une pomme de terre avec le visage d'un cochon d'inde
(61:15 / All) 0richard0: lest go destroye your last village
(61:20 / Allies) WarDawgs: Do not test a god's wrath
(61:24 / Allies) WarDawgs: This is your lesson
(61:33 / All) WarDawgs: gg blue you earned this win, and orange this defeat
(61:38 / All) FUC.K.u.UP: gg